 Dungeon Crawl Stone Soup version 0.29-a0-451-gfbfa42419e (webtiles) character file.

Game seed: 8501036442175290718

4 dabmancer the Magician (level 1, 0/11 HPs)
             Began as an Octopode Hedge Wizard on May 19, 2022.
             Slain by a rat (3 damage)
             ... on level 1 of the Dungeon.
             The game lasted 00:02:52 (311 turns).

dabmancer the Magician (Octopode Hedge Wizard)       Turns: 311, Time: 00:02:53

Health: 0/11       AC:  1    Str:  9    XL:     1   Next: 60%
Magic:  2/4        EV: 13    Int: 16    God:
Gold:   0          SH:  0    Dex: 11    Spells: 5/6 levels left

rFire   . . .      SeeInvis .   h - +0 club
rCold   . . .      Faith    .   (no shield)
rNeg    . . .      Spirit   .   b - +0 hat
rPois   .          Reflect  .   (no amulet)
rElec   .          Harm     .   (no ring)
rCorr   .          Rampage  .   (no ring)
Will    .....                   (no ring)
Stlth   +++.......              (no ring)
HPRegen 0.03/turn               (no ring)
MPRegen 0.09/turn               (no ring)
                                (no ring)
                                (no ring)

@: no status effects
A: almost no armour, amphibious, 8 rings, camouflage 1, gelatinous body 1,
(nimble swimmer 1), tentacles
a: no special abilities


You were on level 1 of the Dungeon.
You visited 1 branch of the dungeon, and saw 1 of its levels.

Inventory:

Hand Weapons
 a - a +0 dagger
 h - a +0 club (weapon)
Armour
 b - a +0 hat (worn)
Scrolls
 e - a scroll of torment {unknown}
 g - a scroll of identify {unknown}
Potions
 c - a potion of magic
 d - a potion of might {unknown}
 f - a potion of cancellation {unknown}


   Skills:
 + Level 2.1 Dodging
 + Level 2.6 Stealth
 + Level 3.1 Spellcasting
 + Level 1.0 Conjurations
 + Level 1.0 Summonings
 + Level 1.0 Translocations


You had 5 spell levels left.
You knew the following spells:

 Your Spells              Type           Power      Damage    Failure   Level
a - Magic Dart            Conj           20%        1d4       12%         1

Your spell library contained the following spells:

 Spells                   Type           Power      Damage    Failure   Level
 Slow                     Hex            8%         N/A       19%         1
 Blink                    Tloc           10%        N/A       19%         2
 Call Imp                 Summ           5%         N/A       19%         2
 Conjure Flame            Conj/Fire      4%         6-21      41%         3
 Mephitic Cloud           Conj/Pois/Air  3%         N/A       43%         3
 Ozocubu's Armour         Ice            2%         N/A       50%         3
 Ozocubu's Refrigeration  Ice            1%         4d5       100%        7


Dungeon Overview and Level Annotations

Branches:
Dungeon (1/15)

Altars:


Innate Abilities, Weirdness & Mutations

You cannot wear most types of armour.
You are amphibious.
You can wear up to eight rings at the same time.
Your skin changes colour to match your surroundings (Stealth+).
Your rubbery body absorbs attacks. (AC +1, EV +1)
((You are camouflaged when in or above water. (Stealth+)))
You have tentacles for arms and can constrict up to eight enemies at once.


Message History

The magic dart hits the jackal.
The jackal is moderately wounded.
You are too depleted to draw on your mana recklessly!
The jackal bites you.
You hit the jackal. Your grab misses the jackal.
The jackal is moderately wounded.
The jackal bites you. The jackal closely misses you.
Your magical contamination has completely faded away.
A ball python comes into view.
The ball python hisses angrily.
You hit the jackal but do no damage. Your grab misses the jackal.
The jackal is moderately wounded.
The jackal bites you but does no damage.
The jackal closely misses you.
You miss the jackal. Your grab misses the jackal.
The jackal is moderately wounded.
The jackal closely misses you.
The jackal bites you but does no damage.
You hit the jackal but do no damage. You grab the jackal.
The jackal is moderately wounded.
You constrict the jackal, but do no damage.
The jackal barely misses you. The jackal completely misses you.
You hit the jackal but do no damage.
The jackal is moderately wounded.
You constrict the jackal. The jackal bites you.
You hit the jackal but do no damage. You squeeze the jackal.
You kill the jackal!
You closely miss the rat. You grab the rat.
You constrict the rat, but do no damage.
The rat barely misses you.
You barely miss the rat. You tentacle-slap the rat.
The rat is moderately wounded.
You constrict the rat. The rat bites you.
* * * LOW HITPOINT WARNING * * *
You are too injured to fight recklessly!
You release your grip on the rat.
The rat attacks as you move away! The rat closely misses you.
There is a stone staircase leading down here.
The rat bites you.
You die...

#. ##...# ..# #....##
#.. #..#...#
#.#######...##.#.....#
#..##.....# #.#####..
##..>..#### #.S#
#..###.## ##g# #.##
#..#### #r# ##รท#
##....## #@# #..#
####..# #.# ..## ##.#
#.# ### #.###.#######
#............
#####.####### #.# #.#
#.#


You could see a hobgoblin, a ball python and a rat.

Vanquished Creatures
  A goblin (D:1)
  A hobgoblin (D:1)
  A jackal (D:1)
3 creatures vanquished.

Notes
Turn   | Place    | Note
-------+----------+-------------------------------------------
     0 | D:1      | dabmancer the Octopode Hedge Wizard began the quest for the
                  | Orb.
     0 | D:1      | Reached XP level 1. HP: 11/11 MP: 4/4
   311 | D:1      | Slain by a rat

Illustrated notes

Levels and vault maps discovered:
D:1:      lightli_arrival_windingriver, layout_rooms,
          dreamdust_ecumenical_altar_sealed_demon, minmay_misc_feat_enclosed

Action                   || total
-------------------------++-------
Melee: Club              ||     8
       Constrict         ||     3
       Dagger            ||     2
       Punch             ||     1
       Tentacles         ||     1
 Cast: Magic Dart        ||     6
Armor: Skin              ||     2
Dodge: Dodged            ||     7

Table legend: (Time is in decaauts)
 A = Elapsed time spent in this place.
 B = Non-inter-level travel time spent in this place.
 C = Inter-level travel time spent in this place.
 D = Time resting spent in this place.
 E = Time spent auto-exploring this place.
 F = Levels seen in this place.
 G = Mean time per level.
                   A        B        C        D        E       F      G
               +--------+--------+--------+--------+--------+-----+--------+
         Total |    312 |    312 |      0 |    162 |     68 |   1 |  312.0 |
       Dungeon |    312 |    312 |      0 |    162 |     68 |   1 |  312.0 |
               +--------+--------+--------+--------+--------+-----+--------+

Top non-repeatable levels by time:
     D:1: 312 daAuts
